 Dungeon Crawl Stone Soup version 0.31-a0-161-gb58dd9be76 (webtiles) character file.

Game seed: 17257985074913879955

72 qw the Chopper (level 4, -6/28 HPs)
             Began as a Gargoyle Fighter on June 12, 2023.
             Mangled by a black bear (8 damage)
             ... on level 4 of the Dungeon.
             The game lasted 00:00:55 (2619 turns).

qw the Chopper (Gargoyle Fighter)                   Turns: 2619, Time: 00:00:56

Health: -6/28      AC: 14    Str: 28    XL:     4   Next: 26%
Magic:  4/4        EV:  8    Int:  8    God:
Gold:   97         SH:  4    Dex:  9    Spells: 3/3 levels left

rFire   . . .        Y - +0 war axe
rCold   . . .        c - +0 buckler
rNeg    + . .        h - +0 chain mail
rPois   inf          b - +1 hat
rElec   +            (no cloak)
rCorr   .            (no gloves)
SInv    .            f - +0 pair of boots
Will    .....        (no amulet) Stlth
                     i - +6 ring of strength
HPRegen 0.24/turn    (no ring)
MPRegen 0.09/turn

%: no passive effects
@: no status effects
A: sickness immunity, AC +3, negative energy resistance 1, electricity
resistance, torment resistance 1, petrification resistance
a: no special abilities


You were on level 4 of the Dungeon.
You visited 1 branch of the dungeon, and saw 4 of its levels.

You collected 97 gold pieces.


Innate Abilities, Weirdness & Mutations

You are immune to sickness and miasma.
Your stone body is resilient. (AC +3)
You are immune to poison.
You resist negative energy. (rN+)
You are resistant to electric shocks. (rElec)
You are resistant to unholy torment.
You are immune to petrification.


   Skills:
 - Level 3.2 Fighting
 + Level 4.0 Axes
 - Level 3.2 Armour
 - Level 3.2 Shields


You had 3 spell levels left.
You didn't know any spells.
Your spell library was empty.

Inventory:

Hand Weapons
 e - a +0 mace
 Y - a +0 war axe (weapon)
Armour
 b - a +1 hat (worn)
 c - a +0 buckler (worn)
 f - a +0 pair of boots (worn)
 h - a +0 chain mail (worn)
Jewellery
 i - a +6 ring of strength (left hand)
Potions
 a - a potion of curing {unknown}
 d - a potion of might
 g - a potion of degeneration {unknown}
 j - a potion of heal wounds {unknown}
 k - a potion of attraction {unknown}

Dungeon Overview and Level Annotations

Branches:
Dungeon (4/15)
 Temple: D:4-7

Altars:

Shops:
D:1 !


Message History

You block the black bear's attack.
The black bear claws you but does no damage.
You closely miss the black bear.
The black bear is heavily wounded.
The black bear bites you.
The black bear claws you but does no damage. x2
The black bear bites you.
The black bear claws you but does no damage. x2
You hit the black bear.
The black bear is heavily wounded.
The black bear bites you. The black bear barely misses you. x2
You completely miss the black bear.
The black bear is heavily wounded.
The black bear bites you. The black bear claws you.
The black bear claws you but does no damage.
You barely miss the black bear.
The black bear is heavily wounded.
The black bear bites you.
The black bear claws you but does no damage. x2
The black bear bites you.
The black bear claws you but does no damage. x2
You hit the black bear.
The black bear is severely wounded.
The black bear bites you but does no damage.
The black bear barely misses you.
The black bear claws you but does no damage.
You closely miss the black bear.
The black bear is severely wounded.
The black bear goes berserk!
You barely miss the black bear.
The black bear is severely wounded.
You block the black bear's attack.
The black bear claws you but does no damage.
The black bear barely misses you. The black bear closely misses you.
The black bear claws you but does no damage.
The black bear claws you.
You barely miss the black bear.
The black bear is severely wounded.
The black bear bites you!
You die...

### ..#+#####
#..!..... .#
#........ ... #
#........
....#.#).......
....#.#.h..:...
......#@#+#
........#.#
........#.###
....###.....#
... #<#.#...#
.# #...(.....
#####.#..# ..#
...


You could see a black bear (berserk).

Vanquished Creatures
  2 adders (D:3)
  A worm (D:3)
  2 dart slugs
  4 endoplasms
  4 giant cockroaches
  3 goblins
  5 hobgoblins
  4 jackals (D:1)
  4 quokkas
  2 ball pythons
  2 bats (D:1)
  A frilled lizard (D:1)
  5 kobolds
  3 rats
42 creatures vanquished.

Notes
Turn   | Place    | Note
-------+----------+-------------------------------------------
     0 | D:1      | qw the Gargoyle Fighter began the quest for the Orb.
     0 | D:1      | Reached XP level 1. HP: 14/14 MP: 1/1
     0 | D:1      | 0 ||| qw: Version: 0.2-a-29-gc1b59c4
     0 | D:1      | 0 ||| qw: Game counter: 4219
     0 | D:1      | 0 ||| qw: Always use a shield: true
     0 | D:1      | 0 ||| qw: God list: Okawaru
     0 | D:1      | 0 ||| qw: Allow faded altars: false
     0 | D:1      | 0 ||| qw: Do Orc after D:15 true
     0 | D:1      | 0 ||| qw: Do second Lair branch before Depths: true
     0 | D:1      | 0 ||| qw: Lair rune preference: random
     0 | D:1      | 0 ||| qw: Plans: Normal, Zot:1-4, Slime:5, God:TSO, Crypt,
                  | Tomb, Abyss, Pan, Hells, Win
     0 | D:1      | 0 ||| PLANNING D:1-11
    41 | D:1      | Reached skill level 2 in Axes
    68 | D:1      | Reached XP level 2. HP: 10/19 MP: 2/2
   367 | D:1      | 367 ||| Stepping ~*~*~tactically~*~*~ (hiding).
   606 | D:1      | Found Saowaj's Distillery.
   618 | D:1      | Reached skill level 3 in Axes
   621 | D:1      | 621 ||| SHOPLISTING potion of curing (42 gold, have 32).
   621 | D:1      | 621 ||| SHOPLISTING potion of haste (140 gold, have 32).
   621 | D:1      | 621 ||| SHOPLISTING potion of heal wounds (70 gold, have
                  | 32).
   621 | D:1      | 621 ||| SHOPLISTING potion of lignification (42 gold, have
                  | 32).
   621 | D:1      | 621 ||| SHOPLISTING potion of magic (112 gold, have 32).
   903 | D:1      | 903 ||| READING scroll labelled HUGEUNIHEUD.
   904 | D:1      | 904 ||| READING scroll labelled ICROAS AGHE.
   905 | D:1      | 905 ||| READING 2 scrolls labelled KUECWE XUTH.
   906 | D:1      | 906 ||| READING scroll labelled BIMIOHUZUTT.
   907 | D:1      | 907 ||| DROPPING scroll of vulnerability.
   974 | D:2      | Reached XP level 3. HP: 23/23 MP: 3/3
  1410 | D:2      | 1410 ||| Stepping ~*~*~tactically~*~*~ (stealth).
  1651 | D:2      | 1651 ||| UPGRADING to +0 pair of boots.
  1656 | D:2      | 1656 ||| UPGRADING to +0 chain mail.
  1666 | D:2      | 1666 ||| DROPPING +0 scale mail.
  1877 | D:3      | 1877 ||| FLEEEEING.
  1878 | D:3      | 1878 ||| FLEEEEING.
  2283 | D:3      | Reached XP level 4. HP: 25/28 MP: 4/4
  2353 | D:3      | Reached skill level 4 in Axes
  2547 | D:3      | 2547 ||| UPGRADING to +1 hat.
  2552 | D:3      | 2552 ||| UPGRADING to +6 ring of strength.
  2605 | D:4      | Noticed a black bear
  2615 | D:4      | HP: 7/28 [black bear (2)]
  2618 | D:4      | HP: 2/28 [black bear (5)]
  2619 | D:4      | Mangled by a black bear

Levels and vault maps discovered:
D:1:      lemuel_arrival_rhombus, layout_basic, serial_shops, shop,
          chequers_serial_rivers_room_b, hangedman_abyss_or_decor_stabs,
          serial_park_tiny_1
D:2:      layout_basic, serial_corexii_hall, corexii_hall_statues_x,
          chequers_hall_statues_y, chequers_hall_statues_corner_a,
          grunt_decor_fettered
D:3:      layout_loops_corners, serial_rivers, chequers_serial_rivers_marsh,
          chequers_serial_rivers_micro_d, chequers_serial_rivers_marsh,
          chequers_serial_rivers_micro_b, nicolae_underground_beach
D:4:      layout_basic, amcnicky_mini_pool_small, uniq_pikel

Skill      XL: |  1  2  3  4 |
---------------+-------------+-----
Axes           | 2 3 4 |  4.0
Fighting       | |  3.2
Armour         | |  3.2
Shields        | |  3.2

Action                     |  1- 3 |  4- 6 || total
---------------------------+-------+-------++-------
  Melee: War axe           |    99 |    19 ||   118
  Throw: Boomerang         |    12 |       ||    12
    Use: Scroll            |     4 |       ||     4
 Armour: Scale mail        |    39 |       ||    39
         Chain mail        |    12 |    22 ||    34
  Dodge: Dodged            |    47 |    10 ||    57
  Block: Buckler           |    19 |     4 ||    23

Table legend:
 A = Non-vault XP
 B = Vault XP
 C = Vault XP percentage of total XP
 D = Non-vault monster count
 E = Vault monster count
 F = Vault count percentage of total count
                 A         B        C        D         E       F
            +---------+---------+-------+---------+---------+-------
      Total |     104 |       0 |   0.0 |      42 |       0 |   0.0
            +---------+---------+-------+---------+---------+-------
        D:1 |      31 |       0 |   0.0 |      18 |       0 |   0.0
        D:2 |      23 |       0 |   0.0 |      13 |       0 |   0.0
        D:3 |      48 |       0 |   0.0 |      10 |       0 |   0.0
        D:4 |       2 |       0 |   0.0 |       1 |       0 |   0.0
            +---------+---------+-------+---------+---------+-------
